 Dungeon Crawl Stone Soup version 0.29-a0-1023-g6ae1a4a2c7 (webtiles) character file.

Game seed: 10181228537150314647

484 HoaS the Skirmisher (level 7, 0/40 HPs)
             Began as a Gargoyle Hunter on Aug 11, 2022.
             Slain by an iguana (3 damage)
             ... on level 4 of the Dungeon.
             The game lasted 00:06:46 (2687 turns).

HoaS the Skirmisher (Gargoyle Hunter)               Turns: 2687, Time: 00:06:46

Health: 0/40       AC:  7    Str: 15    XL:     7   Next: 12%
Magic:  7/7        EV: 11    Int:  9    God:
Gold:   201        SH:  0    Dex: 15    Spells: 6/6 levels left

rFire   . . .      SeeInvis .   a - +0 shortbow
rCold   . . .      Faith    .   (shield currently unavailable)
rNeg    + . .      Spirit   .   c - +0 leather armour
rPois   ∞          Reflect  .   (no helmet)
rElec   +          Harm     .   (no cloak)
rCorr   .          Rampage  .   (no gloves)
Will    .....                   (no boots)
Stlth   ++........              (no amulet)
HPRegen 0.13/turn               (no ring)
MPRegen 0.10/turn               (no ring)

@: no status effects
A: sickness immunity, AC +4, negative energy resistance 1, electricity
resistance, torment resistance 1, petrification resistance
a: no special abilities


You were on level 4 of the Dungeon.
You visited 1 branch of the dungeon, and saw 4 of its levels.

You collected 201 gold pieces.

Inventory:

Hand Weapons
 a - a +0 shortbow (weapon)
Missiles
 d - 3 throwing nets
Armour
 c - a +0 leather armour (worn)
Scrolls
 b - a scroll of immolation
 h - 2 scrolls of magic mapping
 m - a scroll of identify
 n - a scroll of silence {unknown}
Potions
 e - a potion of cancellation
 f - a potion of flight
 i - a potion of lignification
 j - a potion of mutation {unknown}
 k - a potion of ambrosia
 l - a potion of magic {unknown}


   Skills:
 - Level 2.1 Fighting
 + Level 8.3 Ranged Weapons
 - Level 1.5 Dodging
 - Level 1.1 Stealth


You had 6 spell levels left.
You didn't know any spells.
Your spell library contained the following spells:

 Spells                   Type           Power      Damage    Failure   Level
 Foxfire                  Conj/Fire      0%         2x1d4     45%         1
 Blink                    Tloc           0%         N/A       58%         2
 Conjure Flame            Conj/Fire      0%         6-21      83%         3
 Inner Flame              Hex/Fire       0%         N/A       83%         3
 Lesser Beckoning         Tloc           0%         N/A       83%         3
 Flame Wave               Conj/Fire      0%         2d4       99%         4
 Manifold Assault         Tloc           0%         N/A       100%        5


Dungeon Overview and Level Annotations

Branches:
Dungeon (4/15)
 Temple: D:4-7

Altars:
Cheibriados

Annotations:
D:4 Blork the orc


Innate Abilities, Weirdness & Mutations

You are immune to sickness and miasma.
Your stone body is resilient. (AC +4)
You are immune to poison.
You resist negative energy. (rN+)
You are resistant to electric shocks. (rElec)
You are resistant to unholy torment.
You are immune to petrification.


Message History

The iguana bites you.
* * * LOW HITPOINT WARNING * * *
Fire: a) +0 shortbow
Press: ? - help, Q - select action, (/) - cycle Shift-Dir - straight line, f/p - iguana
Aim: an iguana (heavily wounded, 68% to hit)
You shoot an arrow.
The arrow hits the iguana but does no damage.
The iguana is heavily wounded.
The iguana bites you but does no damage.
Fire: a) +0 shortbow
Press: ? - help, Q - select action, (/) - cycle Shift-Dir - straight line, f/p - iguana
Aim: an iguana (moderately wounded, 68% to hit)
You shoot an arrow. The arrow closely misses the iguana.
The iguana bites you.
* * * LOW HITPOINT WARNING * * *
Fire: a) +0 shortbow
Press: ? - help, Q - select action, (/) - cycle Shift-Dir - straight line, f/p - iguana
Aim: an iguana (moderately wounded, 68% to hit)
You shoot an arrow. The arrow hits the iguana.
The iguana is heavily wounded.
The iguana barely misses you. The iguana closely misses you.
Fire: a) +0 shortbow
Press: ? - help, Q - select action, (/) - cycle Shift-Dir - straight line, f/p - iguana
Aim: an iguana (heavily wounded, 68% to hit)
You shoot an arrow. The arrow hits the iguana.
The iguana is heavily wounded.
The iguana barely misses you.
Fire: a) +0 shortbow
Press: ? - help, Q - select action, (/) - cycle Shift-Dir - straight line, f/p - iguana
Aim: an iguana (heavily wounded, 68% to hit)
You shoot an arrow. The arrow barely misses the iguana.
The iguana barely misses you.
Fire: a) +0 shortbow
Press: ? - help, Q - select action, (/) - cycle Shift-Dir - straight line, f/p - iguana
Aim: an iguana (heavily wounded, 68% to hit)
You shoot an arrow.
The arrow hits the iguana but does no damage.
The iguana is heavily wounded.
The iguana bites you.
You die...

#
############.#.##
#.@l.............
#.###............
# #.
#.............#
#.
#..............
#.
#..............
#.
#..............
#.
#.............#
#. ######.######
# .. ..


You could see an iguana.

Vanquished Creatures
  Sigmund (D:3)
  A necrophage (D:4)
  A jelly (D:4)
  2 orc priests (D:3)
  An orc wizard (D:3)
  3 adders
  5 gnolls
  3 worms
  10 orcs (D:3)
  4 endoplasms
  A giant cockroach (D:1)
  6 goblins
  3 hobgoblins (D:3)
  2 jackals (D:1)
  A quokka (D:2)
  8 ball pythons
  6 bats
  A frilled lizard (D:1)
  8 kobolds
  9 rats
76 creatures vanquished.

Notes
Turn   | Place    | Note
-------+----------+-------------------------------------------
     0 | D:1      | HoaS the Gargoyle Hunter began the quest for the Orb.
     0 | D:1      | Reached XP level 1. HP: 12/12 MP: 1/1
    12 | D:1      | Found a faded altar of an unknown god.
    66 | D:1      | Reached XP level 2. HP: 17/17 MP: 2/2
   345 | D:1      | Reached XP level 3. HP: 21/21 MP: 3/3
   416 | D:1      | Reached skill level 5 in Ranged Weapons
  1111 | D:2      | Reached XP level 4. HP: 26/26 MP: 4/4
  1170 | D:2      | Reached skill level 6 in Ranged Weapons
  1686 | D:3      | Reached XP level 5. HP: 29/30 MP: 5/5
  2022 | D:3      | Reached skill level 7 in Ranged Weapons
  2022 | D:3      | Reached XP level 6. HP: 30/35 MP: 6/6
  2048 | D:3      | Noticed Sigmund
  2211 | D:3      | Found a snail-covered altar of Cheibriados.
  2356 | D:3      | Killed Sigmund
  2556 | D:4      | Reached skill level 8 in Ranged Weapons
  2582 | D:4      | Reached XP level 7. HP: 40/40 MP: 7/7
  2657 | D:4      | Noticed Blork the orc
  2683 | D:4      | HP: 2/40 [iguana (6)]
  2687 | D:4      | Slain by an iguana

Illustrated notes

Levels and vault maps discovered:
D:1:      wander_arrival_lonely_grave, layout_loops_ring,
          basic_ecumenical_altar, nicolae_concentric_dashed_squares_mild
D:2:      layout_loops_ring
D:3:      cheibrodos_pilgrimage, layout_rooms, nicolae_overflow_crystal_walls,
          uniq_sigmund
D:4:      layout_basic, mainiacjoe_overflow_24_doors, tso_altar,
          uniq_blork_the_orc

Skill      XL: |  1  2  3  4  5  6 |
---------------+-------------------+-----
Ranged Weapons | 5 6 7 8 |  8.3
Fighting       | |  2.1
Dodging        | |  1.5
Stealth        | |  1.1

Action                   |  1- 3 |  4- 6 |  7- 9 || total
-------------------------+-------+-------+-------++-------
 Fire: Shortbow          |    92 |   159 |    19 ||   270
  Use: Scroll            |     2 |    10 |     1 ||    13
       Potion            |       |     2 |       ||     2
Armor: Leather armour    |    12 |    32 |     2 ||    46
Dodge: Dodged            |    13 |    32 |     9 ||    54

Table legend: (Time is in decaauts)
 A = Elapsed time spent in this place.
 B = Non-inter-level travel time spent in this place.
 C = Inter-level travel time spent in this place.
 D = Time resting spent in this place.
 E = Time spent auto-exploring this place.
 F = Levels seen in this place.
 G = Mean time per level.
                   A        B        C        D        E       F      G
               +--------+--------+--------+--------+--------+-----+--------+
         Total |   2747 |   2653 |     94 |    625 |   1542 |   4 |  686.8 |
       Dungeon |   2747 |   2653 |     94 |    625 |   1542 |   4 |  686.8 |
               +--------+--------+--------+--------+--------+-----+--------+

Top non-repeatable levels by time:
     D:2: 868 daAuts
     D:3: 863 daAuts
     D:1: 840 daAuts
     D:4: 175 daAuts
